AoeStats
← Der Sprudel

Nomad

504833111Analyzed
4v4 RM · 25d ago on Sep 6, 2026· 53m 0s· 8 players
Game mode
Random Map
Map size
231×231
Population
200
Speed
Normal
Resources
Standard
Victory
Conquest
Starting age
Dark Age
Ending age
Imperial Age
RankedLock teamsTeams togetherTeam positionsShared explorationLock speedFull tech treeHidden civsTurbo modeCheats
Victory
Defeat
🇭🇺 Dravidians · Hungary
1211
+17
🇭🇺 Italians · Hungary
1205
+17
🇭🇺 Persians · Hungary
1190
+18
🇭🇺 Vietnamese · Hungary
1190
+18
🇩🇪 Dravidians · Germany
1291
-21
🇩🇪 Berbers · Germany
1228
-17
🇪🇸 Japanese · Spain
1218
-17
🇩🇪 Malay · Germany
1165
-15
SiR_Jonny
9:52 Loom
12:42 Feudal Age
13:42 Town Watch
16:50 Castle Age
14:32 Fishing Lines
18:07 Medium Warships
19:41 Double-Bit Axe
22:08 Bow Saw
22:56 Gold Mining
22:57 Stone Mining
25:38 Fletching
27:56 Bodkin Arrow
29:06 Horse Collar
32:24 Padded Archer Armor
35:06 Ballistics
34:42 Murder Holes
36:01 Leather Archer Armor
36:32 Stone Shaft Mining
36:33 Thumb Ring
41:06 Imperial Age
39:58 Wheelbarrow
40:20 Masonry
40:23 Clinker Construction
41:30 Elite Genoese Crossbowman
42:31 Conscription
43:41 Chemistry
43:12 Architecture
45:45 Hand Cart
45:44 Bracer
45:51 Light Cavalry
46:42 Bloodlines
46:52 Scale Barding Armor
53:34 Ring Archer Armor
Romeyo
5:59 Loom
14:19 Feudal Age
18:45 Castle Age
16:49 Gold Mining
16:51 Fishing Lines
18:14 Forging
19:58 Medium Warships
19:39 Gillnets
21:34 Iron Casting
25:38 Horse Collar
31:45 Imperial Age
29:01 Town Watch
29:35 Heavy Plow
29:42 Fletching
33:36 Double-Bit Axe
34:44 Bow Saw
34:26 Elite Skirmisher
36:49 Wheelbarrow
36:31 Bodkin Arrow
36:21 Imperial Skirmisher
37:03 Padded Archer Armor
37:17 Bracer
37:51 Thumb Ring
38:23 Leather Archer Armor
38:48 Ballistics
39:29 Chemistry
39:36 Hand Cart
40:01 Conscription
41:39 Wootz Steel
41:47 Scale Barding Armor
42:43 Blast Furnace
42:20 Masonry
42:13 Light Cavalry
42:53 Husbandry
43:15 Chain Barding Armor
44:29 Murder Holes
46:20 Scale Mail Armor
46:50 Ring Archer Armor
47:10 Squires
46:57 Pikeman
47:58 Chain Mail Armor
49:50 Halberdier
51:02 Plate Mail Armor
Petinho
5:19 Loom
15:08 Feudal Age
15:55 Gold Mining
15:53 Double-Bit Axe
15:57 Town Watch
21:00 Castle Age
20:17 Horse Collar
20:56 Stone Mining
21:03 Fletching
21:49 Bodkin Arrow
22:32 Stone Shaft Mining
23:44 Wheelbarrow
26:14 Bow Saw
29:05 Heavy Plow
29:56 Gold Shaft Mining
33:59 Elite Skirmisher
34:44 Thumb Ring
39:51 Masonry
43:46 Padded Archer Armor
44:48 Squires
48:19 Imperial Age
46:50 Leather Archer Armor
47:39 Ballistics
47:59 Imperial Skirmisher
49:13 Conscription
49:50 Hand Cart
50:08 Architecture
49:02 Pikeman
50:40 Halberdier
53:47 Hoardings
53:06 Arson
53:36 Town Patrol
Katja
5:32 Loom
15:20 Feudal Age
20:26 Castle Age
18:28 Stone Mining
18:37 Gold Mining
30:11 Fletching
30:59 Stone Shaft Mining
31:04 Chatras
35:57 Wheelbarrow
SeR_GaGo
4:55 Loom
13:35 Feudal Age
15:16 Double-Bit Axe
16:06 Fishing Lines
17:54 Gold Mining
17:49 Horse Collar
20:34 Castle Age
20:19 Forging
20:10 Scale Mail Armor
21:41 Medium Warships
21:24 Gillnets
23:40 Bow Saw
24:49 Iron Casting
24:31 Chain Mail Armor
26:12 Pikeman
26:53 Squires
31:42 Squires
39:42 Gambesons
45:19 Gold Shaft Mining
49:00 Imperial Age
49:47 Halberdier
der Mondgulasch
15:50 Feudal Age
14:10 Loom
15:55 Feudal Age
20:43 Castle Age
19:32 Double-Bit Axe
24:39 Bow Saw
25:27 Fletching
27:15 Bodkin Arrow
27:52 Horse Collar
31:04 Padded Archer Armor
47:00 Scale Barding Armor
47:29 Bloodlines
47:20 Husbandry
luis13Lord
8:03 Loom
17:06 Feudal Age
19:19 Loom
22:04 Castle Age
29:03 Double-Bit Axe
33:10 Bow Saw
39:15 Wheelbarrow
43:12 Imperial Age
40:52 Horse Collar
41:31 Hand Cart
42:54 Forging
42:50 Scale Barding Armor
43:51 Elite Battle Elephant
45:57 Iron Casting
46:10 Heavy Plow
48:34 Blast Furnace
50:35 Husbandry
Der Sprudel
5:10 Loom
13:17 Feudal Age
13:56 Double-Bit Axe
14:04 Gold Mining
19:07 Fletching
22:48 Castle Age
25:49 Medium Warships
27:12 Horse Collar
27:45 Bow Saw
30:59 Pikeman
33:40 Wheelbarrow
35:32 Town Watch
38:22 Hand Cart
38:14 Heavy Plow
44:32 Imperial Age
42:44 Thumb Ring
42:38 Bodkin Arrow
42:45 Padded Archer Armor
43:12 Stone Mining
43:53 Medical Corps
45:27 Bracer
45:50 Ballistics
48:30 Onager
50:45 Forging
50:58 Husbandry
51:47 Conscription
52:38 Leather Archer Armor
51:45 Elite Elephant Archer
51:54 Siege Onager
53:54 Ring Archer Armor
Connection lost

Rejoining the realm…

Still unreachable

The connection could not be restored.

Session expired

The server has moved on; the page needs a fresh start.